 Dungeon Crawl Stone Soup version 0.31-a0-876-gfe8ebadbca (webtiles) character file.

Game seed: 14331050877582660807

6918 Shayle the Mimic (level 11, -9/85 HPs)
             Began as a Human Shapeshifter on Oct 13, 2023.
             Was an Initiate of Gozag.
             Killed from afar by a gargoyle (13 damage)
             ... with a stone arrow
             ... in a bailey on Oct 14, 2023.
             The game lasted 00:40:11 (10922 turns).

Shayle the Mimic (Human Shapeshifter)              Turns: 10922, Time: 00:40:12

Health: -9/85      AC:  9    Str: 14    XL:     11   Next: 27%
Magic:  11/11      EV: 13    Int: 15    God:    Gozag
Gold:   1904       SH:  0    Dex: 13    Spells: 5/10 levels left

rFire   . . .        k - +0 trident (venom)
rCold   . . .        (no shield)
rNeg    . . .        F - quicksilver dragon scales
rPois   .            (helmet currently unavailable)
rElec   .            (cloak currently unavailable)
rCorr   .            (gloves currently unavailable)
SInv    .            (boots currently unavailable)
Will    +....        (no amulet)
Stlth   +            t - ring of flight
HPRegen 0.34/turn    (no ring)
MPRegen 0.12/turn

%: no passive effects
@: beast-form, flying
A: beast (slay +4)
a: Begin Untransformation, Renounce Religion, Potion Petition, Call Merchant,
Bribe Branch


You were in a bailey.
You worshipped Gozag.
Gozag was most pleased with you.
You were a hulking beast.
You visited 2 branches of the dungeon, and saw 10 of its levels.
You also visited: Sewer and Bailey.

You collected 3001 gold pieces.
You spent 210 gold pieces at shops.
You paid 887 gold pieces to Gozag.

Inventory:

Hand Weapons
 g - a +2 sling of freezing
 k - a +0 trident of venom (weapon)
Missiles
 m - 4 curare-tipped darts (quivered)
Armour
 a - a +0 animal skin
 e - a +0 ring mail
 i - a +0 pair of gloves
 p - a +0 kite shield
 s - a +0 helmet
 y - +0 steam dragon scales
 B - a +0 cloak
 F - quicksilver dragon scales (worn)
 H - the +0 helmet "Wistrul" {rElec rPois Str+3 Slay+2}
   (You acquired it on level 8 of the Dungeon)

   Str+3:     It affects your strength (+3).
   Slay+2:    It affects your accuracy & damage with ranged weapons and melee
   (+2).
   rElec:     It insulates you from electricity.
   rPois:     It protects you from poison
Jewellery
 h - an amulet of faith
 o - a ring of willpower
 t - a ring of flight (left hand)
 D - a ring of see invisible
Talismans
 c - a beast talisman (active)
 d - a flux talisman
Wands
 u - a wand of digging (3)
 I - a wand of flame (12)
Scrolls
 f - 3 scrolls of noise
 n - a scroll of amnesia
 r - a scroll of teleportation
 v - a scroll of fog
Potions
 b - 3 potions of curing
 j - a potion of resistance
 l - a potion of enlightenment {unknown}
 q - 2 potions of attraction
 w - 2 potions of might
 x - a potion of cancellation {unknown}
 z - a potion of invisibility {unknown}
 A - a potion of brilliance {unknown}
 E - a potion of haste {unknown}
 G - a potion of mutation {unknown}
 J - a potion of lignification
 K - a potion of magic {unknown}


   Skills:
 + Level 7.7 Fighting
 + Level 0.0 Armour
 - Level 8.0 Dodging
 - Level 3.0 Unarmed Combat
 + Level 0.0 Spellcasting
 + Level 4.3 Conjurations
 + Level 4.2 Ice Magic
 + Level 4.1 Air Magic
 - Level 9.7 Shapeshifting


You had 5 spell levels left.
You knew the following spells:

 Your Spells              Type           Power      Damage    Failure   Level
a - Freezing Cloud        Conj/Ice/Air   6%         6-21      95%         5

Your spell library contained the following spells:

 Spells                   Type           Power      Damage    Failure   Level
 Cigotuvi's Dreadful Rot  Necr/Pois/Air  8%         N/A       43%         2
 Ignite Poison            Fire/Tmut/Pois 0%         N/A       86%         3


Dungeon Overview and Level Annotations

Branches:
Dungeon (9/15)             Temple (1/1) D:5           Sewer (visited)
 Bailey (1/1)
   Lair: D:8-11         Orc: D:9-12

Altars:
Ashenzari
Cheibriados
Dithmenos
Elyvilon
Fedhas
Gozag
Hepliaklqana
Kikubaaqudgha
Makhleb
Nemelex Xobeh
Okawaru
Qazlal
Uskayaw
Vehumet
Wu Jian
Xom
Zin
The Shining One

Shops:
D:1 [   D:3 =   D:4 *   D:5 [

Annotations:
D:8 1 runed translucent door, tinfoiltophat's ghost, novice DjFE


Message History

There is a large open door here.
Aiming: Fastroot
Press: ? - help, Shift-Dir - straight line, f - gargoyle
Aim: a gargoyle, wielding a +0 mace The roots erupt in riotous growth!
Roots grab the gargoyle.
The now-empty wand crumbles to dust.
The grasping roots constrict the gargoyle.
The gargoyle struggles to escape constriction.
An orc zombie comes into view. It is wielding a +0 spear.
The grasping roots constrict the gargoyle.
The roots release their grip on the gargoyle.
You barely miss the gargoyle.
The gargoyle is moderately damaged.
The gargoyle hits you with a +0 mace!!
An orc warrior zombie comes into view. It is wielding a +0 halberd.
The gargoyle hits you but does no damage.
You hit the gargoyle.
The gargoyle is moderately damaged.
The gargoyle hits you with a +0 mace.
You hit the gargoyle but do no damage.
You punch the gargoyle, but do no damage.
The gargoyle is moderately damaged.
The gargoyle hits you but does no damage.
You hit the gargoyle but do no damage.
The gargoyle is moderately damaged.
The gargoyle hurls a stone arrow at you.
The stone arrow hits you!! The gargoyle hits you with a +0 mace!
You barely miss the gargoyle.
The gargoyle is moderately damaged.
The orc zombie completely misses you.
The gargoyle hurls a stone arrow at you.
The stone arrow hits you!!
* * * LOW HITPOINT WARNING * * *
You hit the gargoyle but do no damage.
The gargoyle is moderately damaged.
The gargoyle hurls a stone arrow at you.
The stone arrow hits you!
You die...
Your body crumbles into a pile of gold.

###.......... .
##...♣.♣..♣...# ..
.+....♣....♣.## .##
.#............# ..##
.#....♣.......# ...#
.#...).........##...#
)#......######Z.Z...#
.#......#....#......#
.'.....)#....#..h9..#
###...))#..###''########
..####..'..'......'....#
.8...#######......#.)..#
......8....#......######
........8..'..)...#
...........########
.♣♣♣.......♣ ♣♣
♣♣♣♣...♣♣


You could see a gargoyle, an orc zombie and an orc warrior zombie.

Vanquished Creatures
  A two-headed ogre (D:9)
  Joseph (D:7)
  Maggie (D:7)
  A troll (D:6)
  Prince Ribbit (D:6)
  11 yaks
  A steam dragon (D:6)
  2 acid dragons (D:9)
  A water moccasin (D:6)
  2 sky beasts (D:7)
  An ice beast (D:8)
  2 ogres
  3 black bears
  A centaur (D:5)
  2 kobold brigands
  A phantom (D:7)
  Blork the orc (D:6)
  2 bullfrogs (D:8)
  2 scorpions
  3 wights (D:8)
  A howler monkey (D:8)
  8 vampire bats (Bailey)
  An electric eel (D:7)
  5 wolf zombies (Bailey)
  2 gnoll boudas
  7 hounds
  Crazy Yiuf (D:7)
  3 orc priests (D:8)
  5 jellies
  4 iguanas
  A sleepcap (D:8)
  Ijyb (D:4)
  2 orc wizards
  15 gnolls
  7 adders
  2 river rats (Sewer)
  2 shadow imps (D:7)
  2 white imps
  An ufetubus (D:5)
  3 worms
  3 dart slugs
  28 orcs
  8 ball pythons
  9 bats
  11 endoplasms
  5 giant cockroaches
  10 hobgoblins
  8 jackals
  7 quokkas
  6 frilled lizards
  5 goblins
  25 kobolds
  10 orc zombies (Bailey)
  5 rats
253 creatures vanquished.

Vanquished Creatures (collateral kills)
  A jelly (Sewer)
  A dart slug (D:5)
  An orc (D:5)
  A ball python (D:2)
  2 endoplasms
  A goblin (D:2)
  A quokka (D:2)
  A kobold (D:2)
  3 rats (Sewer)
12 creatures vanquished.

Vanquished Creatures (others)
  A river rat (Sewer)
1 creature vanquished.

Grand Total: 266 creatures vanquished

Notes
Turn   | Place    | Note
-------+----------+-------------------------------------------
     0 | D:1      | Shayle the Human Shapeshifter began the quest for the Orb.
     0 | D:1      | Reached XP level 1. HP: 15/15 MP: 1/1
   215 | D:1      | Reached XP level 2. HP: 21/21 MP: 2/2
   295 | D:1      | Found Wucsofef's Antique Armour Shop.
   435 | D:1      | Reached XP level 3. HP: 23/26 MP: 3/3
   881 | D:2      | Found a faded altar of an unknown god.
   922 | D:2      | Noticed an ogre
  1079 | D:1      | Reached XP level 4. HP: 32/33 MP: 4/4
  1303 | D:3      | Found a hide-covered altar of Uskayaw.
  1592 | D:3      | Reached skill level 4 in Shapeshifting
  1901 | D:3      | Found Oxtiniej's Jewellery Emporium.
  2359 | D:4      | Reached XP level 5. HP: 34/38 MP: 5/5
  2472 | D:4      | Found a shadowy altar of Dithmenos.
  2518 | D:4      | Noticed Ijyb
  2521 | D:5      | Entered Level 5 of the Dungeon
  2730 | D:5      | Reached XP level 6. HP: 38/46 MP: 6/6
  2736 | D:5      | Noticed a black bear
  2777 | D:5      | HP: 3/69 [black bear (8)]
  2777 | D:5      | HP: 1/69 [black bear (2)]
  2778 | D:5      | Killed a black bear
  2779 | D:5      | Reached skill level 5 in Shapeshifting
  2798 | D:5      | Found a glowing drain.
  2943 | D:5      | Reached XP level 7. HP: 28/52 MP: 7/7
  2956 | Sewer    | Entered a sewer
  3457 | Sewer    | Found a viscous altar of Jiyva.
  3795 | D:6      | Noticed a water moccasin
  3795 | D:6      | Noticed a steam dragon
  3800 | D:6      | Noticed Prince Ribbit
  3814 | D:6      | Killed a water moccasin
  3815 | D:6      | Reached skill level 6 in Shapeshifting
  3819 | D:6      | Killed a steam dragon
  3820 | D:6      | Reached XP level 8. HP: 48/60 MP: 8/8
  3830 | D:6      | Killed Prince Ribbit
  4083 | D:6      | Noticed a troll
  4102 | D:7      | Noticed Joseph
  4130 | D:6      | Reached skill level 5 in Dodging
  4136 | D:6      | Killed a troll
  4137 | D:6      | Reached skill level 5 in Fighting
  4137 | D:6      | Reached skill level 7 in Shapeshifting
  4470 | D:6      | Found a blossoming altar of Fedhas.
  4486 | D:6      | Reached XP level 9. HP: 59/68 MP: 9/9
  4626 | D:6      | Noticed Blork the orc
  4645 | D:6      | Killed Blork the orc
  4910 | D:5      | Found a staircase to the Ecumenical Temple.
  4919 | Temple   | Entered the Ecumenical Temple
  4938 | Temple   | Became a worshipper of Gozag Ym Sagoz the Greedy
  4976 | D:5      | Found Ykhliuq's Antique Armour Shoppe.
  5056 | D:5      | Found a snail-covered altar of Cheibriados.
  5305 | D:4      | Killed Ijyb
  5510 | D:4      | Found Nuicee Noqe's Assorted Antiques.
  5516 | D:4      | Bought a glass ring for 150 gold pieces
  5516 | D:4      | Bought a scroll of identify for 60 gold pieces
  5564 | D:4      | Reached skill level 8 in Shapeshifting
  6262 | D:7      | Killed Joseph
  6365 | D:7      | Found a burning altar of Makhleb.
  6366 | D:7      | Noticed a cacodemon
  6367 | D:7      | Found a glowing silver altar of Zin.
  6368 | D:7      | Noticed an angel
  6460 | D:7      | Learned a level 5 spell: Freezing Cloud
  6863 | D:7      | Found a runed translucent door.
  6864 | D:7      | Noticed Crazy Yiuf
  6871 | D:7      | Killed Crazy Yiuf
  6998 | D:7      | Noticed Maggie
  7024 | D:7      | Killed Maggie
  7025 | D:7      | Reached skill level 1 in Conjurations
  7025 | D:7      | Reached skill level 1 in Ice Magic
  7025 | D:7      | Reached skill level 1 in Air Magic
  7025 | D:7      | Reached XP level 10. HP: 77/77 MP: 10/10
  7027 | D:7      | Reached skill level 9 in Shapeshifting
  8013 | D:8      | Found a white marble altar of Elyvilon.
  8380 | D:8      | Noticed tinfoiltophat's ghost (novice DjFE)
  8383 | D:8      | Found a runed translucent door.
  8384 | D:8      | Identified 3 scrolls of acquirement
  8384 | D:8      | Acquired 1024 gold pieces
  8388 | D:8      | Acquired the +0 helmet "Wistrul" {rElec rPois Str+3 Slay+2}
  8389 | D:8      | Acquired 585 gold pieces
  9477 | D:9      | Noticed a two-headed ogre
  9499 | D:9      | Killed a two-headed ogre
  9576 | D:9      | Reached XP level 11. HP: 11/84 MP: 11/11
  9762 | D:9      | Found a broken altar of Ashenzari.
 10012 | D:9      | Found a flagged portal.
 10038 | Bailey   | Entered a bailey
 10921 | Bailey   | HP: 3/85 [gargoyle/stone arrow (25)]
 10922 | Bailey   | Killed from afar by a gargoyle

Illustrated notes

Levels and vault maps discovered:
D:1:      minmay_arrival_shattered_statue, layout_basic, serial_shops, shop
D:2:      layout_rooms, ebering_ecumenical_altar_abandoned
D:3:      layout_loops_corners, eat_drink_and_be_merry_uskayaw, serial_shops,
          shop
D:4:      layout_loops_cross, grunt_dithmenos_smoke, serial_shops,
          nicolae_square_shop, chequers_arboretum, uniq_ijyb
D:5:      layout_gridville, slow_altar_2, minmay_temple_entry_water_ring,
          serial_shops, shop, gup_sewer_entry_glass
D:6:      layout_rooms, mainiacjoe_overflow_cross_hatched,
          grunt_decor_mini_mirrors, hangedman_abyss_or_decor_jellyfish_corner,
          uniq_blork_the_orc, uniq_prince_ribbit1
D:7:      layout_basic, grunt_temple_overflow_order_and_chaos_2,
          minmay_crystal_water, mrwooster_statue_mirror, uniq_joseph,
          uniq_maggie, uniq_crazy_yiuf_cottage
D:8:      layout_rooms, elyvilon_altar_5, hellmonk_ghost_happy_afterlife,
          minmay_unpleasant_kobolds
D:9:      layout_loops_ring, evilmike_ruin_ashenzari, trog_hazing_becter,
          nicolae_ru_sacrificial_ziggurat, orc_0_dummy, enter_bailey_7
Temple:   hellmonk_temple_beads
Bailey:   bailey_polearm_vampire_castle_hellmonk, bailey

Skill      XL: |  1  2  3  4  5  6  7  8  9 10 11 |
---------------+----------------------------------+-----
Fighting       | 2 3 4 5 6 7 |  7.7
Shapeshifting  | 4 5 6 7 8 9 |  9.7
Dodging        | 3 4 5 6 7 8 |  8.0
Conjurations   | 1 3 4 |  4.3
Ice Magic      | 1 3 4 |  4.2
Air Magic      | 1 3 4 |  4.1
Unarmed Combat | |  3.0

Action                     |  1- 3 |  4- 6 |  7- 9 | 10-12 || total
---------------------------+-------+-------+-------+-------++-------
  Melee: Unarmed           |    95 |   173 |   243 |       ||   511
         Punch             |     1 |     3 |    12 |    15 ||    31
         Trident           |       |       |    97 |   365 ||   462
  Throw: Dart              |       |       |     1 |     8 ||     9
 Invoke: Potion Petition   |       |       |       |     2 ||     2
  Evoke: Wand              |       |     4 |     7 |    19 ||    30
    Use: Potion            |     1 |     3 |     4 |     7 ||    15
         Scroll            |       |       |    13 |     5 ||    18
   Stab: Sleeping          |     1 |       |       |       ||     1
         Distracted        |       |       |     1 |     1 ||     2
 Armour: Animal skin       |     8 |       |       |       ||     8
         Skin              |     2 |    21 |    42 |       ||    65
         Ring mail         |    48 |   128 |    50 |       ||   226
         Steam dragon scal |       |       |   125 |   333 ||   458
         Quicksilver drago |       |       |       |     8 ||     8
  Dodge: Dodged            |    69 |   109 |   225 |   447 ||   850

Table legend: (Time is in decaauts)
 A = Elapsed time spent in this place.
 B = Non-inter-level travel time spent in this place.
 C = Inter-level travel time spent in this place.
 D = Time resting spent in this place.
 E = Time spent auto-exploring this place.
 F = Levels seen in this place.
 G = Mean time per level.
                   A        B        C        D        E       F      G
               +--------+--------+--------+--------+--------+-----+--------+
         Total |  11117 |  10450 |    667 |   2021 |   4694 |  12 |  926.4 |
       Dungeon |   9357 |   8722 |    635 |   1178 |   4601 |   9 | 1039.7 |
        Temple |     38 |      6 |     32 |      0 |      0 |   1 |   38.0 |
         Sewer |    796 |    796 |      0 |    409 |     93 |   1 |  796.0 |
        Bailey |    924 |    924 |      0 |    433 |      0 |   1 |  924.0 |
               +--------+--------+--------+--------+--------+-----+--------+

Top non-repeatable levels by time:
     D:7: 1955 daAuts
     D:5: 1191 daAuts
     D:4: 1155 daAuts
     D:6: 1118 daAuts
     D:8: 1077 daAuts
     D:1: 1063 daAuts
     D:3: 973 daAuts
  Bailey: 924 daAuts
   Sewer: 796 daAuts
     D:9: 585 daAuts
     D:2: 236 daAuts
  Temple: 38 daAuts
